 Dungeon Crawl Stone Soup version 0.28.0-45-g0d030f2227 (webtiles) character file.

Game seed: 1561797988324439242

181 issech the Cudgeller (level 5, -5/52 HPs)
             Began as a Troll Monk on Apr 2, 2022.
             Slain by a bullfrog (6 damage)
             ... in a sewer.
             The game lasted 00:07:31 (2145 turns).

issech the Cudgeller (Troll Monk)                   Turns: 2145, Time: 00:07:32

Health: -5/52      AC:  4    Str: 19    XL:     5   Next: 34%
Magic:  4/4        EV: 10    Int:  6    God:
Gold:   43         SH:  0    Dex: 14    Spells: 4/4 levels left

rFire   . . .      SeeInvis .   a - +1 mace
rCold   . . .      Faith    .   (no shield)
rNeg    . . .      Spirit   .   b - +0 robe
rPois   .          Reflect  .   (helmet restricted)
rElec   .          Harm     .   (no cloak)
rCorr   .          Rampage  .   (gloves unavailable)
Will    .....                   (boots unavailable)
Stlth   ++........              (no amulet)
HPRegen 0.97/turn               (no ring)
MPRegen 0.09/turn               (no ring)

@: very slow
A: large, unfitting armour, claws 3, regeneration 1, shaggy fur 1, tough skin 1
a: no special abilities


You were in a sewer.
You visited 1 branch of the dungeon, and saw 3 of its levels.
You also visited: Sewer.

You collected 43 gold pieces.

Inventory:

Hand Weapons
 a - a +1 mace (weapon)
 g - a +1 dagger of holy wrath
Missiles
 e - 76 stones (quivered)
 f - 7 bolts
 k - 8 sling bullets
 m - 2 boomerangs
 n - 6 atropa-tipped darts
 o - 24 arrows
Armour
 b - a +0 robe (worn)
Jewellery
 c - a ring of positive energy
Scrolls
 h - a scroll of identify {unknown}
 l - a scroll of enchant weapon
Potions
 j - a potion of curing {unknown}


   Skills:
 + Level 2.9 Fighting
 + Level 4.3 Maces & Flails
 + Level 0.6 Throwing
 + Level 3.2 Dodging
 + Level 1.2 Stealth


You had 4 spell levels left.
You didn't know any spells.
Your spell library contained the following spells:

 Spells                   Type           Power      Damage    Failure   Level
 Animate Skeleton         Necr           0%         N/A       45%         1
 Apportation              Tloc           0%         N/A       45%         1
 Summon Small Mammal      Summ           0%         N/A       45%         1


Dungeon Overview and Level Annotations

Branches:
Dungeon (3/15)              Sewer (1/1)

Altars:


Innate Abilities, Weirdness & Mutations

You are too large for most types of armour.
You have claws for hands.
Your natural rate of healing is unusually fast.
You are covered in fur. (AC +1)
You have tough skin. (AC +1)


Message History

Moving in this stuff is going to be slow.
The bullfrog misses you. The bullfrog closely misses you.
The bullfrog hits you. x2; The bullfrog barely misses you.
The bullfrog hits you but does no damage.
The bullfrog barely misses you. The bullfrog hits you.
The bullfrog barely misses you.
You hit the bullfrog.
The bullfrog is moderately wounded.
The bullfrog hits you. The bullfrog barely misses you.
The bullfrog hits you. x2
You hit the bullfrog.
The bullfrog is moderately wounded.
The bullfrog hits you but does no damage.
The bullfrog hits you. x3
The bullfrog hits you.
You barely miss the bullfrog. The bullfrog closely misses you. x2
The bullfrog hits you.
The bullfrog closely misses you. x2; The bullfrog hits you.
The bullfrog closely misses you.
The bullfrog swells and bulges.
The bullfrog completely misses you.
You hit the bullfrog.
The bullfrog is lightly wounded.
The bullfrog hits you. x4
* * * LOW HITPOINT WARNING * * *
You enter the shallow water.
Moving in this stuff is going to be slow.
The bullfrog misses you. The bullfrog closely misses you.
The bullfrog barely misses you. The bullfrog closely misses you.
The bullfrog hits you.
* * * LOW HITPOINT WARNING * * *
The bullfrog closely misses you. The bullfrog barely misses you.
The bullfrog hits you.
* * * LOW HITPOINT WARNING * * *
The bullfrog hits you.
* * * LOW HITPOINT WARNING * * *
The bullfrog closely misses you. The bullfrog barely misses you.
The bullfrog hits you.
* * * LOW HITPOINT WARNING * * *
The bullfrog hits you.
You die...

†≈##≈≈≈##≈≈...≈≈≈≈ ##.≈.##≈≈≈#
≈≈#≈≈≈≈#≈≈≈.($/.≈≈ #≈≈≈≈#≈.≈#
≈≈#.≈.†#≈≈.|$?..≈≈ #†≈≈≈#.≈≈#
≈≈#≈≈≈≈#≈≈≈≈$≈≈.≈. #†.≈≈#≈≈≈#
≈≈##≈≈≈#≈.≈.≈≈.≈≈≈ ##†.≈##.≈≈#
≈≈≈#.≈.#≈≈.≈.≈..≈≈ ##.≈≈≈#≈≈≈.#
≈†.##≈≈##≈≈#≈≈≈≈≈###.≈≈≈##.≈.##
..≈≈##.≈#≈≈#######≈≈≈≈≈##≈≈..#
#≈≈≈.#≈≈##≈†.≈SF@≈≈≈≈###≈≈≈≈##
##≈≈≈.≈≈.#...≈BF≈≈####≈.≈≈.##
####≈≈≈#######.∩≈#≈≈≈.≈≈≈##
##≈≈#≈≈≈.≈#####≈≈≈≈#####
####≈≈≈≈≈≈†.≈≈≈####.≈∩#
#≈≈.#########....≈#
#≈≈≈≈.≈....≈..∩.###
#≈≈≈≈≈≈≈.≈≈.##### #############


You could see 2 bullfrogs, a giant cockroach and a ball python.

Vanquished Creatures
  9 adders
  A dart slug (D:1)
  4 orcs (D:2)
  12 ball pythons
  6 endoplasms
  14 giant cockroaches
  9 goblins
  8 hobgoblins
  4 quokkas (Sewer)
  4 bats
  10 frilled lizards
  4 kobolds
  6 rats
91 creatures vanquished.

Notes
Turn   | Place    | Note
-------+----------+-------------------------------------------
     0 | D:1      | issech the Troll Monk began the quest for the Orb.
     0 | D:1      | Reached XP level 1. HP: 22/22 MP: 0/0
    49 | D:1      | Found a faded altar of an unknown god.
   258 | D:1      | Reached XP level 2. HP: 29/29 MP: 1/1
   447 | D:1      | Reached skill level 3 in Maces & Flails
   822 | D:1      | Reached XP level 3. HP: 36/36 MP: 2/2
  1482 | D:2      | Reached XP level 4. HP: 44/44 MP: 3/3
  1795 | D:3      | Found a glowing drain.
  1858 | Sewer    | Entered a sewer
  1875 | Sewer    | Reached skill level 4 in Maces & Flails
  1921 | Sewer    | Reached XP level 5. HP: 52/52 MP: 4/4
  2144 | Sewer    | HP: 2/52 [bullfrog (3)]
  2145 | Sewer    | Slain by a bullfrog

Illustrated notes

Levels and vault maps discovered:
D:1:      dpeg_arrival_short_road, layout_basic,
          hellmonk_ecumenical_altar_crossroads, minmay_tromino_i4
D:2:      layout_loops_ring
D:3:      layout_loops_ring, gup_sewer_entry_glass, chequers_avenue,
          uniq_crazy_yiuf_cottage, uniq_jessica
Sewer:    sewer_frog_island_02

Skill      XL: |  1  2  3  4 |
---------------+-------------+-----
Maces & Flails | 3 4 |  4.3
Dodging        | 3 |  3.2
Fighting       | |  2.9
Throwing       | |  0.6
Stealth        | |  1.2

Action                   |  1- 3 |  4- 6 || total
-------------------------+-------+-------++-------
Melee: Mace              |   115 |   112 ||   227
       Punch             |     1 |       ||     1
Throw: Stone             |    13 |       ||    13
       Large rock        |    10 |     4 ||    14
  Use: Scroll            |       |     2 ||     2
 Stab: Sleeping          |     2 |       ||     2
Armor: Robe              |    35 |    57 ||    92
Dodge: Dodged            |    84 |   103 ||   187
